 Dungeon Crawl Stone Soup version 0.28.0-43-g3370ac3207 (webtiles) character file.

Game seed: 2309328324931392193

47 pkoi the Insei (level 3, 0/31 HPs)
             Began as a Draconian Monk on Mar 1, 2022.
             Slain by an orc
             ... wielding a +0 dagger
              (4 damage)
             ... on level 3 of the Dungeon.
             The game lasted 00:02:13 (2817 turns).

pkoi the Insei (Draconian Monk)                     Turns: 2817, Time: 00:02:13

Health: 0/31       AC:  7    Str: 13    XL:     3   Next: 48%
Magic:  3/3        EV: 12    Int: 12    God:
Gold:   113        SH:  0    Dex: 13    Spells: 2/2 levels left

rFire   . . .      SeeInvis .     - Unarmed
rCold   . . .      Faith    .   (no shield)
rNeg    . . .      Spirit   .   (armour unavailable)
rPois   .          Reflect  .   (helmet restricted)
rElec   .          Harm     .   i - +0 cloak
rCorr   .          Rampage  .   j - +0 pair of gloves
Will    .....                   (no boots)
Stlth   ++........              (no amulet)
HPRegen 0.10/turn               (no ring)
MPRegen 0.08/turn               (no ring)

@: lethally poisoned (0 -> -10)
A: AC +5, unfitting armour, cold-blooded
a: no special abilities


You were on level 3 of the Dungeon.
You visited 1 branch of the dungeon, and saw 3 of its levels.

You collected 113 gold pieces.

Inventory:

Armour
 i - a +0 cloak (worn)
 j - a +0 pair of gloves (worn)
Jewellery
 c - an amulet of the acrobat
Scrolls
 a - 2 scrolls of magic mapping {unknown}
 b - a scroll of blinking {unknown}
 d - a scroll of noise {unknown}
 g - 2 scrolls of amnesia {unknown}
 k - a scroll of teleportation {unknown}
 m - a scroll of fear {unknown}
Potions
 e - a potion of attraction {unknown}
 f - a potion of brilliance {unknown}
 h - a potion of invisibility {unknown}
 l - a potion of curing {unknown}
 n - a potion of heal wounds {unknown}


   Skills:
 - Level 3.2 Fighting
 - Level 2.6 Dodging
 - Level 1.7 Stealth
 + Level 4.5 Unarmed Combat


You had 2 spell levels left.
You didn't know any spells.
Your spell library contained the following spells:

 Spells                   Type           Power      Damage    Failure   Level
 Sublimation of Blood     Necr           0%         N/A       45%         2
 Petrify                  Tmut/Erth      0%         N/A       97%         4
 Blade Hands              Tmut           0%         N/A       100%        5
 Irradiate                Conj/Tmut      0%         3d14      100%        5
 Dragon Form              Tmut           0%         N/A       100%        7


Dungeon Overview and Level Annotations

Branches:
Dungeon (3/15)

Altars:

Annotations:
D:2 1 runed translucent door, Crazy Yiuf


Innate Abilities, Weirdness & Mutations

Your plain brown scales are hard. (AC +5)
You cannot fit into any form of body armour.
You are cold-blooded and may be slowed by cold attacks.


Message History

The orc shouts!
You hit the orc but do no damage. You tail-slap the orc.
The orc is heavily wounded.
The orc hits you but does no damage.
You closely miss the orc.
The orc is heavily wounded.
The orc priest casts a cantrip, but nothing happens.
The orc closely misses you.
You hit the orc.
The orc is heavily wounded.
The orc priest barely misses you.
Unknown command.
The orc priest invokes the aid of Beogh against you.
Pain shoots through your body!
* * * LOW HITPOINT WARNING * * *
There is an open door here.
You hit the orc.
Your tail-slap misses the orc.
The orc is severely wounded.
The orc hits you with a +1 whip of venom.
* * * LOW HITPOINT WARNING * * *
You are poisoned.
You closely miss the orc. You tail-slap the orc.
The orc is almost dead.
You feel sick.
The orc hits you with a +1 whip of venom.
* * * LOW HITPOINT WARNING * * *
You are more poisoned.
You hit the orc.
You kill the orc!
* * * LOW HITPOINT WARNING * * *
You feel very sick.
You closely miss the orc.
Your tail-slap misses the orc.
The orc is heavily wounded.
* * * LOW HITPOINT WARNING * * *
You feel very sick.
The orc priest calls down the wrath of Beogh upon you.
Beogh smites you!
* * * LOW HITPOINT WARNING * * *
The orc hits you with a +0 dagger.
You die...

#.. #.......... #.#.
#o############ #.#.##
#...o...>..... # #.#..#
#.###.[....... #####.#.##.#
#.# #......... ......#.##.#
#.###......... ........##.#
#.........#... ####...##.#
#.#######.#.## ....'..ooo@#
#.......#.#...
#####...##†#.#.#####.#.####
#...##.#.#.# #.......
#...##.#.#.#######.####
#...##.#.#.........#
#...##...#.#########
#...##...#.# ######...#.#
#.....)..#.#


You could see an orc priest and 2 orcs.

Vanquished Creatures
  An adder (D:2)
  2 orcs (D:3)
  3 ball pythons
  3 bats
  4 endoplasms
  2 giant cockroaches (D:1)
  5 goblins
  A hobgoblin (D:1)
  2 kobolds
  4 quokkas
  A frilled lizard (D:1)
  2 rats
30 creatures vanquished.

Vanquished Creatures (others)
  5 fungi (D:2)
  3 plants (D:1)
  4 withered plants (D:1)
12 creatures vanquished.

Grand Total: 42 creatures vanquished

Notes
Turn   | Place    | Note
-------+----------+-------------------------------------------
     0 | D:1      | pkoi the Draconian Monk began the quest for the Orb.
     0 | D:1      | Reached XP level 1. HP: 19/19 MP: 1/1
    49 | D:1      | Found a faded altar of an unknown god.
   413 | D:1      | Reached XP level 2. HP: 24/26 MP: 2/2
  1061 | D:1      | Reached skill level 4 in Unarmed Combat
  1338 | D:2      | Reached XP level 3. HP: 27/31 MP: 3/3
  2368 | D:2      | Found a runed translucent door.
  2369 | D:2      | Noticed Crazy Yiuf
  2502 | D:3      | Noticed an ice beast
  2817 | D:3      | Slain by an orc

Illustrated notes

Levels and vault maps discovered:
D:1:      lightli_arrival_statue_moat, layout_loops_ring,
          shapermc_ecumenical_altar_flowoftime
D:2:      layout_basic, fountainhead, lemuel_another_geyser,
          uniq_crazy_yiuf_cottage
D:3:      minmay_chambers_of_twos, layout_basic, minmay_misc_feat_rows,
          uniq_jessica, uniq_natasha

Skill      XL: |  1  2 |
---------------+-------+-----
Unarmed Combat | 4 |  4.5
Fighting       | |  3.2
Dodging        | |  2.6
Stealth        | |  1.7

Action                   || total
-------------------------++-------
Melee: Unarmed           ||   156
       Tailslap          ||    27
       Punch             ||     5
 Stab: Sleeping          ||     5
Armor: Skin              ||    35
Dodge: Dodged            ||    55
